Map: Cyber Forest LE

Players

Parkkatz - Winner!

  • Race: Zerg Zerg
  • League: Platinum
  • Spawn Location: 5:00

VOD

Have the link to the VOD?

Description

Time

  • Played on: June 29, 2019, 6:48 p.m.
  • Length: 18:32
Show
View Real Time Build Order
Export as new Build Order

Parkkatz Zerg - Winner!

Build Orders:  

Get SALT Encoding   

  12  0:01  Drone  
  13  0:11  Drone  
  14  0:28  Overlord  
  14  0:51  Spawning Pool  
  14  0:52  Drone  
  14  0:57  Extractor  
  7  1:00  Drone  
  13  1:05  Drone  
  15  1:17  Drone  
  16  1:28  Overlord  
  16  1:42  Drone  
  17  1:57  Queen  
  17  1:59  Zergling x2  
  20  2:11  Drone  
  21  2:44  Hatchery  
  20  2:58  Zergling x2  
  20  2:59  Zergling x4  
  23  3:13  Metabolic Boost  
  23  3:22  Queen  
  23  3:23  Overlord  
  23  3:29  Zergling x2  
  26  3:40  Zergling x2  
  26  3:41  Zergling x4  
  29  3:55  Drone  
  30  4:03  Baneling Nest  
  28  4:27  Zergling x4  
  28  4:28  Zergling x2  
  31  4:36  Queen  
  31  4:37  Drone x3  
  36  4:46  Zergling x4  
  38  5:01  Drone x2  
  40  5:20  Drone  
  40  5:21  Drone x3  
  40  5:29  Baneling x4  
  38  6:04  Zergling x12  
  40  6:27  Overlord  
  40  6:28  Overlord  
  40  6:34  Drone  
  40  6:35  Drone  
  40  6:37  Queen  
  44  6:46  Lair  
  44  6:57  Drone x4  
  44  6:58  Drone x2  
  50  7:03  Extractor x2  
  50  7:08  Roach Warren  
  47  7:10  Baneling x2  
  47  7:18  Zergling x2  
  47  7:19  Baneling  
  48  7:27  Drone  
  48  7:28  Drone x2  
  51  7:43  Drone x2  
  51  7:44  Drone  
  51  7:45  Drone x2  
  51  7:46  Drone, Overlord  
  51  7:47  Overlord  
  57  8:05  Zergling x4  
  57  8:09  Baneling x4  
  59  8:14  Hatchery  
  58  8:25  Zergling x2  
  58  8:26  Zergling x10  
  64  8:56  Glial Reconstitution, Spore Crawler  
  64  8:59  Zergling x2  
  64  9:00  Zergling x6  
  64  9:01  Baneling x3  
  64  9:02  Baneling x3  
  64  9:07  Overlord x3  
  67  9:31  Drone  
  67  9:32  Drone x8  
  76  9:51  Centrifical Hooks  
  69  10:16  Roach  
  69  10:17  Roach x9  
  79  10:28  Queen  
  81  10:32  Drone x3  
  81  10:33  Drone x2  
  81  10:37  Baneling x3  
  81  10:38  Baneling x2  
  86  10:55  Evolution Chamber  
  86  10:56  Evolution Chamber  
  86  10:58  Roach x2  
  86  10:59  Roach x3  
  92  11:30  Roach x3  
  92  11:36  Overlord  
  92  11:37  Overlord x3  
  98  11:55  Extractor  
  98  11:57  Overlord x2, Extractor  
  96  12:04  Drone x4  
  96  12:05  Drone x3  
  103  12:16  Roach  
  103  12:17  Roach x7  
  119  12:24  Hatchery  
  120  12:35  Overlord x4  
  120  12:36  Overseer  
  120  12:38  Overseer  
  120  12:54  Roach x3  
  120  12:55  Roach x2  
  120  12:56  Overlord  
  130  13:02  Zerg Missile Weapons Level 1  
  130  13:11  Extractor  
  130  13:18  Drone x3  
  130  13:19  Drone x2  
  134  13:23  Zerg Ground Armor Level 1  
  137  14:11  Drone x4  
  137  14:12  Drone x4  
  137  14:13  Drone x3  
  137  14:16  Queen  
  150  14:48  Roach  
  150  14:49  Roach x8  
  90  14:50  Roach x4  
  176  15:03  Tunneling Claws  
  176  15:06  Burrow  
  176  15:11  Extractor  
  176  15:14  Extractor  
  176  15:32  Hydralisk Den  
  176  15:37  Drone  
  176  15:39  Overlord x2  
  176  15:40  Overlord x2  
  150  16:06  Roach x6  
  150  16:07  Roach x18  
  163  16:12  Queen  
  148  17:01  Hydralisk  
  148  17:02  Hydralisk x8  
  148  17:03  Hydralisk  
  148  17:08  Drone  
  148  17:09  Drone x2  
  171  17:10  Drone  
  171  17:11  Drone  
  171  17:12  Overlord x4  
  171  17:19  Zergling x2  
  174  17:20  Zergling x14  
  181  17:35  Drone x4  
  181  17:36  Overlord  
  181  17:37  Overlord  
  185  17:52  Hatchery  
  180  18:13  Unknown  
Tags
 
League
Platinum
Matchup
Co-op
Replay Pack
SC2 replays
Add a new tag
Caveats
  • Supply blocks, unpowered buildings, or Contaminate may cause inaccurate times.
  • Supply counts are checked every 10 seconds.